Selects Australian Defense Battlegroup
Selects Australian Light Infantry Section
Australian Light Infantry Section
Australian Light Infantry Section
Australian Light Infantry Section
Construct Field Infirmary
Construct Section Command Post
Selects 2-pounder Anti-tank Gun Team
2-pounder Anti-tank Gun Team
Construct Platoon Command Post
Unlock M3 Stuart Light Tanks
Australian Light Infantry Section
Selects CMP 15cwt Supply Run
Construct Company Command Post
Selects Vehicle Over Repair
Selects Reinforced Resource Caches
Selects Archer Tank Destroyer